cohdb
Replays
Latest Replays
All Replays
Popular Replays
Top Player Replays
Match Explorer
How It Works
Community
CoH3 Stats
Reddit
Sign in to upload your games and track your stats! →
Sign in with Steam
Match 37917014
Unlisted
Match 37917014
Overview
Messages
Build Orders
End
Construct Infanterie Kompanie
Selects Mechanized Battlegroup
MG 42 Machine Gun Team
Grenadier Squad
GrW 34 Mortar Team
Grenadier Squad
Construct Luftwaffe Kompanie
221 Scout Car
Selects Mobile Repair Stations
Medical Station
Selects Raid Package
Support Elements
Marder III M Tank Destroyer
Jäger Squad
Wirbelwind Flakpanzer
Luftwaffe Officer Quarters
Selects StuG Assault Group
Selects UNKNOWN (2160084)
Pioneer Squad
StuG Assault Group
Selects Wespe Self-propelled Artillery
Jäger Squad
Selects Zeroing Artillery Barrage
Construct Panzer Kompanie
qZeto
BIOHAZARD
Schmundel
lordmar
0
0
Comments
sign in to comment!
No comments posted yet!